 Dungeon Crawl Stone Soup version 0.20.1-1-g8b1a95d (webtiles) character file.

7339 ucho the Cleaver (level 10, -5/81 HPs)
             Began as a Minotaur Berserker on Nov 27, 2017.
             Was a Priest of Trog.
             Slain by a death yak (7 damage)
             ... on level 8 of the Dungeon.
             The game lasted 00:36:55 (7238 turns).

ucho the Cleaver (Minotaur Berserker)               Turns: 7238, Time: 00:36:56

Health: -5/81      AC: 20    Str: 22    XL:     10   Next: 91%
Magic:  9/9        EV:  7    Int:  7    God:    Trog [***...]
Gold:   436        SH: 12    Dex: 13    Spells: 9/9 levels left

rFire    + . .     SeeInvis .   b - +0 war axe
rCold    . . .     Gourm    .   J - +0 shield
rNeg     . . .     Faith    .   K - +3 plate armour of the Shoals {rF+ Int+3}
rPois    .         Spirit   .   (helmet restricted)
rElec    .         Reflect  .   n - +0 cloak
rCorr    +         Harm     .   z - +1 pair of gloves
MR       ++...                  (no boots)
Stlth    ..........             (no amulet)
Regen    1.3/turn               F - ring of resist corrosion
MPRegen  0.2/turn               (no ring)

@: berserk cooldown, regenerating, slowed, very slow
A: retaliatory headbutt, fangs 1, horns 2, frail 1, mutation resistance 1
a: Berserk, Trog's Hand, Burn Spellbooks, Renounce Religion


You were on level 8 of the Dungeon.
You worshipped Trog.
Trog was most pleased with you.
You were not hungry.

You visited 2 branches of the dungeon, and saw 10 of its levels.
You also visited: Ossuary.

You collected 436 gold pieces.

Inventory:

Hand Weapons
 a - a +0 hand axe of flaming
 b - a +0 war axe (weapon)
Missiles
 v - 6 silver tomahawks
 O - 5 tomahawks of returning (quivered)
Armour
 n - a +0 cloak (worn)
 z - a +1 pair of gloves (worn)
 J - a +0 shield (worn)
 K - the +3 plate armour of the Shoals (worn) {rF+ Int+3}
   (You found it on level 7 of the Dungeon)

   It affects your intelligence (+3).
   It protects you from fire.
Jewellery
 F - a ring of resist corrosion (left hand)
Wands
 y - a wand of confusion (23/48)
Scrolls
 d - 5 scrolls of identify
 h - a scroll of amnesia {unknown}
 m - 3 scrolls of enchant weapon {unknown}
 p - 2 scrolls of teleportation {unknown}
 q - a scroll of immolation {unknown}
 t - 2 scrolls of noise {unknown}
 w - 4 scrolls of magic mapping {unknown}
 A - 2 scrolls of remove curse
 C - a scroll of enchant armour {unknown}
 E - 2 scrolls of fog {unknown}
 H - 3 scrolls of blinking {unknown}
 L - a scroll of fear {unknown}
Potions
 e - a potion of invisibility {unknown}
 g - 2 potions of haste {unknown}
 i - 2 potions of degeneration {unknown}
 j - a potion of flight {unknown}
 k - 3 potions of heal wounds {unknown}
 l - a potion of lignification {unknown}
 o - 3 potions of might {unknown}
 r - 6 potions of curing {unknown}
 s - a potion of cancellation {unknown}
 u - a potion of ambrosia {unknown}
 x - 4 potions of brilliance
 B - 4 potions of mutation
 D - a potion of magic {unknown}
 G - a potion of berserk rage {unknown}
 I - a potion of resistance {unknown}
Comestibles
 c - 11 bread rations
 f - 3 meat rations


   Skills:
 + Level 8.9 Fighting
 * Level 12.2 Axes
 + Level 8.4 Armour
 - Level 2.1 Dodging
 * Level 11.2 Shields


You had 9 spell levels left.
You didn't know any spells.

Dungeon Overview and Level Annotations

Branches:
Dungeon (9/15)             Temple (1/1) D:7
   Lair: D:8-11         Orc: D:9-12

Altars:
Ashenzari
Cheibriados
Dithmenos
Elyvilon
Fedhas
Gozag
Hepliaklqana
Kikubaaqudgha
Makhleb
Nemelex Xobeh
Okawaru
Qazlal
Ru
Sif Muna
Trog
Uskayaw
Vehumet
Xom
Yredelemnul
Zin
The Shining One


Innate Abilities, Weirdness & Mutations

You reflexively headbutt those who attack you in melee.
You have a pair of horns on your head.
You have very sharp teeth.
You are frail. (-10% HP)
You are somewhat resistant to further mutation.


Message History

You block the killer bee's attack.
The killer bee stings you but does no damage.
The death yak gores you but does no damage. x3
The death yak gores you.
* * * LOW HITPOINT WARNING * * *
The death yak gores you!
* * * LOW HITPOINT WARNING * * *
You climb upwards.
There is a stone staircase leading down, spattered with blood here.
Things that are here:
a robe; a dagger
Okay, then.
It was a potion of mutation.
You feel extremely strange.
You feel frail.
Your teeth lengthen and sharpen.
You feel genetically stable. The death yak gores you!
* * * LOW HITPOINT WARNING * * *
The death yak barely misses you. The death yak gores you!
* * * LOW HITPOINT WARNING * * *
The death yak gores you!
You die...

################
#..............#######
######.#####..#####.....(.#
#......#####..#####..####.#
#.####....................#
#.####.##.##.[#####..#.##.#
#.#.......##.Y#####..#.##.#
#.#.........YY@Yy....<....#
#......#####.######.##.##.#
#............# #.##.##.#
##.....####### #.......#
##...## ####### ####.####
##.## #.....# ##.##.####
#.# #.....###.#......# #.#
#<....##.###..##.# ######.#
#.....#.## ##.##.#


You could see 4 death yaks and a killer bee.

Vanquished Creatures
  Erica (D:9)
  2 death yaks (D:9)
  Pikel (D:5)
  2 trolls (D:9)
  A hippogriff (D:9)
  Prince Ribbit (D:5)
  A spriggan (D:9)
  Sigmund (D:5)
  A steam dragon (D:8)
  A hungry ghost (D:7)
  4 ice beasts
  An orc warrior (D:6)
  2 phantoms
  A slave (D:5)
  4 ogres
  3 centaurs
  4 bullfrogs
  A water moccasin zombie (Ossuary)
  A water moccasin skeleton (D:5)
  A scorpion (D:6)
  5 wights (D:6)
  9 killer bees (D:9)
  2 jellies
  2 howler monkeys (D:7)
  5 crimson imps
  A centaur zombie (D:9)
  3 hounds
  A bullfrog skeleton (D:7)
  3 orc priests
  6 orc wizards
  An iguana (D:9)
  8 worker ants
  2 big kobold zombies (Ossuary)
  2 mummies (Ossuary)
  16 adders
  8 gnolls
  A river rat (D:6)
  A shadow imp (D:7)
  An ooze (D:7)
  9 adder zombies
  A worm (D:2)
  5 dart slugs
  6 leopard geckos
  24 orcs
  3 ball pythons
  A bat zombie (D:2)
  8 giant cockroaches
  5 hobgoblins
  2 jackals (D:5)
  7 kobolds
  5 quokkas
  A ball python zombie (D:2)
  5 bats
  6 frilled lizards
  A giant cockroach zombie (D:2)
  4 gnoll zombies (Ossuary)
  8 goblins
  6 hobgoblin zombies (Ossuary)
  A jackal skeleton (D:2)
  5 kobold zombies (Ossuary)
  8 orc zombies (Ossuary)
  A quokka zombie (D:2)
  7 rats
240 creatures vanquished.

Vanquished Creatures (others)
  A slave (D:8)
  2 orc wizards (D:8)
  A goblin (D:3)
  4 jackals (D:5)
  A quokka zombie (D:5)
9 creatures vanquished.

Grand Total: 249 creatures vanquished

Notes
Turn   | Place    | Note
-------+----------+-------------------------------------------
     0 | D:1      | ucho the Minotaur Berserker began the quest for the Orb.
     0 | D:1      | Reached XP level 1. HP: 19/19 MP: 0/0
   206 | D:1      | Reached skill level 4 in Axes
   207 | D:1      | Reached XP level 2. HP: 27/27 MP: 1/1
   704 | D:2      | Reached XP level 3. HP: 33/33 MP: 2/2
   709 | D:2      | Reached skill level 1 in Shields
   984 | D:2      | Reached ** piety under Trog
  1021 | D:2      | Reached XP level 4. HP: 37/40 MP: 3/3
  1242 | D:2      | Found a faded altar of an unknown god.
  1464 | D:2      | Reached skill level 5 in Axes
  1686 | D:3      | Reached XP level 5. HP: 46/46 MP: 4/4
  1808 | D:3      | Found a glowing silver altar of Zin.
  1850 | D:3      | Reached *** piety under Trog
  1960 | D:3      | Found a stormy altar of Qazlal.
  2068 | D:3      | Found an opulent altar of Gozag.
  2424 | D:4      | Noticed an ogre
  2437 | D:4      | Killed an ogre
  2437 | D:4      | Reached XP level 6. HP: 52/53 MP: 5/5
  2522 | D:4      | Reached skill level 6 in Axes
  2586 | D:4      | Found a shattered altar of Ashenzari.
  2769 | D:4      | Found a deep blue altar of Sif Muna.
  2844 | D:4      | Reached skill level 5 in Fighting
  3087 | D:5      | Entered Level 5 of the Dungeon
  3088 | D:5      | Noticed Sigmund
  3094 | D:5      | Killed Sigmund
  3094 | D:5      | Reached skill level 5 in Shields
  3094 | D:5      | Reached XP level 7. HP: 61/61 MP: 6/6
  3141 | D:5      | Noticed Pikel
  3142 | D:5      | Noticed Prince Ribbit
  3154 | D:5      | Killed Pikel
  3154 | D:5      | Reached skill level 7 in Axes
  3154 | D:5      | Reached skill level 5 in Armour
  3154 | D:5      | Reached XP level 8. HP: 70/70 MP: 7/7
  3158 | D:5      | Killed Prince Ribbit
  3158 | D:5      | Reached skill level 8 in Axes
  3175 | D:5      | Found a sand-covered staircase.
  3203 | Ossuary  | Entered an ossuary
  3265 | Ossuary  | Reached **** piety under Trog
  3479 | D:5      | Found a hazy altar of Hepliaklqana.
  3625 | D:5      | Found an iron altar of Okawaru.
  4084 | D:6      | Reached skill level 9 in Axes
  4136 | D:6      | Reached XP level 9. HP: 74/78 MP: 8/8
  4169 | D:6      | Found a sacrificial altar of Ru.
  4929 | D:6      | Reached ***** piety under Trog
  4929 | D:6      | Received a gift from Trog
  4938 | D:6      | Reached skill level 10 in Axes
  5386 | D:7      | Got a scorched plate armour
  5397 | D:7      | Identified the +3 plate armour of the Shoals {rF+ Int+3} (You found it on level 7 of the Dungeon)
  5435 | D:7      | Found a staircase to the Ecumenical Temple.
  5465 | Temple   | Entered the Ecumenical Temple
  6135 | D:8      | Found an ancient bone altar of Kikubaaqudgha.
  6452 | D:9      | Noticed a troll
  6466 | D:9      | Killed a troll
  6496 | D:9      | Reached XP level 10. HP: 67/88 MP: 9/9
  6516 | D:9      | Noticed Erica
  6524 | D:9      | Killed Erica
  6524 | D:9      | Reached skill level 11 in Axes
  6524 | D:9      | Reached skill level 10 in Shields
  7031 | D:9      | Noticed a death yak
  7032 | D:9      | Noticed a death yak
  7040 | D:9      | Noticed a death yak
  7045 | D:9      | Noticed a death yak
  7047 | D:9      | Killed a death yak
  7047 | D:9      | Reached skill level 12 in Axes
  7048 | D:9      | Noticed a death yak
  7053 | D:9      | Noticed a death yak
  7054 | D:9      | Noticed a death yak
  7126 | D:8      | Received a gift from Trog
  7233 | D:9      | Killed a death yak
  7238 | D:8      | Gained mutation: You are frail. (-10% HP) [potion of mutation]
  7238 | D:8      | Gained mutation: You have very sharp teeth. [potion of mutation]
  7238 | D:8      | Gained mutation: You are somewhat resistant to further mutation. [potion of mutation]
  7238 | D:8      | HP: 2/81 [death yak (12)]
  7238 | D:8      | Slain by a death yak

Skill      XL: |  1  2  3  4  5  6  7  8  9 10 |
---------------+-------------------------------+-----
Axes           | 4 5 6 7 9 10 12 | 12.2
Shields        | 1 3 5 6 7 9 11 | 11.2
Fighting       | 4 5 6 7 8 |  8.9
Armour         | 3 4 5 6 7 8 |  8.4
Dodging        | |  2.1

Action                   |  1- 3 |  4- 6 |  7- 9 | 10-12 || total
-------------------------+-------+-------+-------+-------++-------
Melee: Hand axe          |    53 |   175 |   148 |       ||   376
       Headbutt          |    10 |    26 |    65 |    35 ||   136
       War axe           |       |       |   173 |   132 ||   305
Throw: Tomahawk          |       |       |     4 |       ||     4
Invok: Berserk           |     2 |     6 |    10 |     6 ||    24
       Trog's Hand       |       |     1 |     4 |     4 ||     9
       Burn Spellbooks   |       |       |     2 |       ||     2
       Brothers in Arms  |       |       |       |     1 ||     1
Evoke: Wand              |       |       |       |     3 ||     3
  Use: Scroll            |       |     1 |     2 |     1 ||     4
       Potion            |       |       |       |     1 ||     1
 Stab: Paralysed         |       |       |     1 |       ||     1
  Eat: Chunk             |     1 |    11 |    14 |     5 ||    31
       Royal jelly       |     1 |       |     5 |     1 ||     7
       Meat ration       |       |       |       |     1 ||     1
Armor: Animal skin       |     2 |       |       |       ||     2
       Chain mail        |    21 |    70 |    68 |       ||   159
       Plate armour      |       |       |    35 |    49 ||    84
Dodge: Dodged            |    13 |    37 |    61 |    26 ||   137
Block: Shield            |    17 |    60 |   146 |    79 ||   302
